 Dungeon Crawl Stone Soup version 0.28.0 (webtiles) character file.

Game seed: 8548985661130308403

2489 laceratedsky the Cleaver (level 9, -4/79 HPs)
             Began as a Minotaur Berserker on Feb 6, 2022.
             Was an Elder of Trog.
             Slain by a hornet (7 damage)
             ... while paralysed by a hornet
             ... on level 8 of the Dungeon.
             The game lasted 00:20:52 (8437 turns).

laceratedsky the Cleaver (Minotaur Berserker)       Turns: 8437, Time: 00:20:53

Health: -4/79      AC: 14    Str: 26    XL:     9   Next: 27%
Magic:  8/8        EV:  2    Int:  4    God:    Trog [****..]
Gold:   258        SH:  0    Dex: 10    Spells: 8/8 levels left

rFire   . . .      SeeInvis .   w - +0 battleaxe
rCold   . . .      Faith    .   (shield currently unavailable)
rNeg    . . .      Spirit   .   b - +0 chain mail
rPois   .          Reflect  .   (helmet restricted)
rElec   .          Harm     .   v - scarf {shadows}
rCorr   .          Rampage  .   h - +2 pair of gloves
Will    .....                   (no boots)
Stlth   ..........              (no amulet)
HPRegen 0.23/turn               (no ring)
MPRegen 0.11/turn               (no ring)

@: paralysed, lethally poisoned (-4 -> -20), slowed
A: horns 2, retaliatory headbutt
a: Renounce Religion, Berserk, Trog's Hand, Brothers in Arms


You were on level 8 of the Dungeon.
You worshipped Trog.
Trog was greatly pleased with you.
You visited 2 branches of the dungeon, and saw 9 of its levels.

You collected 402 gold pieces.
You spent 144 gold pieces at shops.

Inventory:

Hand Weapons
 a - a +0 vorpal hand axe
 p - a +3 mace of draining
 r - a +0 war axe
 w - a +0 battleaxe (weapon)
Missiles
 j - 85 arrows
Armour
 b - a +0 chain mail (worn)
 h - a +2 pair of gloves (worn)
 v - a scarf of shadows (worn)
Jewellery
 i - an amulet of guardian spirit
Wands
 o - a wand of iceblast (12)
Scrolls
 c - a scroll of amnesia {unknown}
 e - 6 scrolls of identify
 f - 2 scrolls of holy word {unknown}
 l - 2 scrolls of noise {unknown}
 n - 3 scrolls of immolation {unknown}
 s - a scroll of teleportation
 t - a scroll of blinking {unknown}
 x - a scroll of vulnerability {unknown}
 y - a scroll of enchant armour {unknown}
 A - a scroll of fear {unknown}
Potions
 d - 2 potions of resistance
 g - 2 potions of heal wounds
 k - a potion of degeneration {unknown}
 m - 2 potions of attraction
 q - a potion of haste {unknown}
 u - a potion of cancellation {unknown}
 z - a potion of brilliance {unknown}
 B - a potion of mutation {unknown}


   Skills:
 + Level 7.0 Fighting
 + Level 10.5 Axes
 + Level 8.7 Armour
 + Level 4.4 Dodging
 + Level 1.2 Stealth


You had 8 spell levels left.
You didn't know any spells.
Your spell library was empty.

Dungeon Overview and Level Annotations

Branches:
Dungeon (8/15)             Temple (1/1) D:7
   Lair: D:8-11

Altars:
Ashenzari
Elyvilon
Fedhas
Gozag
Hepliaklqana
Kikubaaqudgha
Makhleb
Nemelex Xobeh
Okawaru
Qazlal
Ru
Sif Muna
Uskayaw
Vehumet
Wu Jian
Xom
Yredelemnul
Zin
The Shining One

Shops:
D:5 *   D:6 [

Annotations:
D:6 1 runed translucent door, ragingrage's ghost, novice MiBe
D:8 Maurice


Innate Abilities, Weirdness & Mutations

You have a pair of horns on your head.
You reflexively headbutt those who attack you in melee.


Message History

You are more poisoned.
You suddenly lose the ability to move!
You feel very sick. The hornet stings you!
You are more poisoned.
You feel as though you will be slow longer.
Maurice zaps a wand.
The puff of flame hits you but does no damage.
You can move again.
You feel extremely sick.
Maurice zaps a wand.
The puff of flame hits you but does no damage.
The hornet stings you!
* * * LOW HITPOINT WARNING * * *
You feel as though you will be slow longer.
* * * LOW HITPOINT WARNING * * *
You feel very sick.
The hornet stings you but does no damage.
The hornet stings you.
* * * LOW HITPOINT WARNING * * *
You are more poisoned.
You feel as though you will be slow longer.
You feel much better.
You feel extremely sick. The hornet stings you.
You are more poisoned.
You suddenly lose the ability to move!
The hornet stings you!
* * * LOW HITPOINT WARNING * * *
You feel as though you will be slow longer.
Maurice mumbles some strange words.
Maurice blinks!
* * * LOW HITPOINT WARNING * * *
You feel very sick. The hornet stings you!
* * * LOW HITPOINT WARNING * * *
You feel as though you will be slow longer.
* * * LOW HITPOINT WARNING * * *
You feel very sick. The hornet stings you!
You die...

# # .# .# §§ .#
§§§§§### ##
§§§§§#.###### #
§§§§§#...#..#
######....#.## #
#_......@y@..# #
######...#.......
.
§§§§#..###......
§§§ #.## #..##.
#.# .§# #.####
.... ### ###....#
... #.#
#..#...... ##)#
##..#...###


You could see Maurice and a hornet.

Vanquished Creatures
  A gargoyle (D:6)
  A water moccasin (D:6)
  2 orc warriors
  A black bear (D:5)
  An ice beast (D:7)
  2 necrophages
  2 ogres
  A bullfrog (D:8)
  A kobold brigand (D:4)
  2 scorpions
  A wyvern skeleton (D:6)
  A water moccasin skeleton (D:7)
  A bullfrog zombie (D:7)
  Crazy Yiuf (D:4)
  A centaur zombie (D:8)
  3 hounds
  2 jellies (D:6)
  8 orc priests
  A bullfrog skeleton (D:6)
  2 centaur skeletons (D:7)
  2 iguanas
  Natasha (twice) (D:2)
  8 orc wizards
  5 adders
  A howler monkey skeleton (D:7)
  A shadow imp (D:7)
  2 ufetubi (D:4)
  A worm (D:2)
  3 dart slugs
  31 orcs
  5 ball pythons
  4 bats
  3 endoplasms
  4 giant cockroaches
  5 goblins
  5 hobgoblins
  2 jackals (D:2)
  7 kobolds
  3 quokkas
  2 frilled lizards (D:2)
  4 rats
135 creatures vanquished.

Vanquished Creatures (others)
  3 fungi (D:4)
3 creatures vanquished.

Grand Total: 138 creatures vanquished

Notes
Turn   | Place    | Note
-------+----------+-------------------------------------------
     0 | D:1      | laceratedsky the Minotaur Berserker began the quest for the
                  | Orb.
     0 | D:1      | Reached XP level 1. HP: 19/19 MP: 0/0
   768 | D:1      | Reached XP level 2. HP: 27/27 MP: 1/1
   905 | D:2      | Found a faded altar of an unknown god.
   974 | D:2      | Reached skill level 4 in Axes
  1037 | D:2      | Reached XP level 3. HP: 34/34 MP: 2/2
  1118 | D:2      | Noticed Natasha
  1122 | D:2      | Killed Natasha
  1409 | D:2      | Reached XP level 4. HP: 41/41 MP: 3/3
  1521 | D:2      | Reached ** piety under Trog
  1551 | D:2      | Noticed Natasha
  1558 | D:2      | Killed Natasha
  1694 | D:3      | Found a white marble altar of Elyvilon.
  1859 | D:3      | Reached skill level 5 in Fighting
  1863 | D:3      | Reached skill level 5 in Axes
  1863 | D:3      | Reached XP level 5. HP: 34/48 MP: 4/4
  2515 | D:4      | Noticed a necrophage
  2523 | D:4      | Killed a necrophage
  2620 | D:4      | Reached XP level 6. HP: 28/56 MP: 5/5
  2641 | D:4      | Reached skill level 6 in Axes
  3343 | D:4      | Found a broken altar of Ashenzari.
  3620 | D:4      | Reached *** piety under Trog
  3770 | D:4      | Found a runed translucent door.
  3776 | D:4      | Noticed Crazy Yiuf
  3783 | D:4      | Killed Crazy Yiuf
  3784 | D:4      | Reached XP level 7. HP: 52/61 MP: 6/6
  3860 | D:5      | Entered Level 5 of the Dungeon
  3875 | D:5      | Reached skill level 7 in Axes
  4033 | D:5      | Reached skill level 5 in Armour
  4758 | D:5      | Found Toosoweb's Neck Hole.
  4761 | D:5      | Bought a scarf of shadows for 144 gold pieces
  5164 | D:6      | Reached skill level 1 in Stealth
  5164 | D:6      | Reached XP level 8. HP: 11/70 MP: 7/7
  5451 | D:6      | Reached skill level 8 in Axes
  5599 | D:6      | Found a runed translucent door.
  5602 | D:6      | Found a shimmering altar of Xom.
  5602 | D:6      | Noticed ragingrage's ghost (novice MiBe)
  5603 | D:6      | Noticed a +2 war axe of chaos
  5610 | D:6      | Noticed a gargoyle
  5620 | D:6      | Killed a gargoyle
  5621 | D:6      | Reached skill level 9 in Axes
  5622 | D:6      | Found Narch's Antique Armour Emporium.
  6978 | D:7      | Reached XP level 9. HP: 22/78 MP: 8/8
  7127 | D:7      | Reached skill level 10 in Axes
  7568 | D:7      | Found a basalt altar of Yredelemnul.
  7714 | D:7      | Found a staircase to the Ecumenical Temple.
  7722 | Temple   | Entered the Ecumenical Temple
  8207 | D:8      | Reached **** piety under Trog
  8308 | D:8      | Found an ornate altar of the Wu Jian Council.
  8352 | D:8      | Found a sacrificial altar of Ru.
  8426 | D:8      | Found a stormy altar of Qazlal.
  8431 | D:8      | Noticed Maurice
  8431 | D:8      | Paralysed by a hornet for 2 turns
  8435 | D:8      | Paralysed by a hornet for 3 turns
  8437 | D:8      | HP: 3/79 [poisoned by a hornet]
  8437 | D:8      | Slain by a hornet

Illustrated notes

Levels and vault maps discovered:
D:1:      erik_arrival_triangle_medium, layout_basic
D:2:      layout_loops_ring, basic_ecumenical_altar, minmay_pentomino_x2,
          uniq_natasha
D:3:      layout_basic, elyvilon_altar_4
D:4:      layout_cave_pools, evilmike_ruin_ashenzari, serial_column_ruins,
          column_ruins_hut, column_ruins_columns_T, column_ruins_open_medium,
          column_ruins_corridor_straight, minmay_strange_pillars,
          uniq_crazy_yiuf_cottage
D:5:      layout_basic, nicolae_shop_sticking_my_neck_out
D:6:      layout_cave_pools, serial_shops, nicolae_square_shop,
          ebering_ghost_xom, serial_rivers, chequers_serial_rivers_micro_c,
          chequers_serial_rivers_small_b, chequers_serial_rivers_micro_e,
          chequers_serial_rivers_marsh, chequers_serial_rivers_large_a,
          chequers_serial_rivers_micro_b, nicolae_figureground_pulse
D:7:      layout_cave_pools, mainiacjoe_overflow_concentric_impassable,
          minmay_temple_entry_gardened_gates,
          hangedman_abyss_or_decor_jellyfish_corner, kennysheep_generic_room_6
D:8:      layout_layer_cave, nzn_wu_jian_council_hall,
          nicolae_ru_the_path_less_chosen, grunt_dithmenos_shadows,
          nicolae_qazlal_eye_of_the_storm, uniq_maurice, uniq_harold
Temple:   nicolae_temple_figure_eight

Skill      XL: |  1  2  3  4  5  6  7  8  9 |
---------------+----------------------------+-----
Fighting       | 4 5 6 7 |  7.0
Axes           | 4 5 6 7 9 10 | 10.5
Armour         | 3 4 6 8 |  8.7
Dodging        | 3 4 |  4.4
Stealth        | 1 |  1.2

Action                   |  1- 3 |  4- 6 |  7- 9 || total
-------------------------+-------+-------+-------++-------
Melee: Hand axe          |    53 |   134 |    40 ||   227
       Headbutt          |     7 |    12 |    30 ||    49
       Punch             |       |     1 |     1 ||     2
       War axe           |       |       |    67 ||    67
       Battleaxe         |       |       |    84 ||    84
  Use: Scroll            |       |     3 |       ||     3
       Potion            |       |     1 |     4 ||     5
Armor: Animal skin       |     3 |       |       ||     3
       Ring mail         |    23 |     6 |       ||    29
       Chain mail        |       |    64 |   136 ||   200
       Skin              |       |    24 |       ||    24
Dodge: Dodged            |    28 |    56 |    94 ||   178
